 Dungeon Crawl Stone Soup version 0.19.1 (webtiles) character file.

13030 BoredOne the Cleaver (level 12, -1/81 HPs)
             Began as a Hill Orc Fighter on Dec 14, 2016.
             Was an Elder of Hepliaklqana.
             Slain by a wight
             ... wielding a +7 great sword
              (11 damage)
             ... on level 11 of the Dungeon.
             The game lasted 01:23:01 (12963 turns).

BoredOne the Cleaver (Hill Orc Fighter)            Turns: 12963, Time: 01:23:02

Health: -1/81      AC: 15    Str: 22    XL:     12   Next: 1%
Magic:  21/21      EV:  9    Int: 10    God:    Hepliaklqana [****..]
Gold:   234        SH: 12    Dex: 10    Spells: 1 memorised, 9 levels left

rFire  . . .     SeeInvis .     h - +2 broad axe
rCold  + . .     Gourm    .     U - +4 scale mail "Sonwefal" {MR++}
rNeg   . . .     Faith    .     b - +0 shield
rPois  .         Spirit   .     (no helmet)
rElec  .         Reflect  .     (no cloak)
rCorr  .         Harm     .     g - +2 pair of gloves
MR     ++...                    (no boots)
Stlth  ..........               (no amulet)
                                F - +4 ring of slaying
                                Q - ring of protection from cold

@: hasted, drained, very quick
A: reduced essence
a: Recall Ancestor, Ancestor Identity, Transference, Idealise, Renounce Religion


You were on level 11 of the Dungeon.
You worshipped Hepliaklqana.
Hepliaklqana was greatly pleased with you.
You were not hungry.

You visited 1 branch of the dungeon, and saw 11 of its levels.
You also visited: Ossuary.

You collected 667 gold pieces.
You spent 433 gold pieces at shops.

Inventory:

Hand Weapons
 a - a +1 war axe
 h - a +2 broad axe (weapon)
 L - a +0 blowgun
Missiles
 G - 19 tomahawks
 J - 5 tomahawks of returning
 M - 7 poisoned needles
 R - a throwing net
 T - 2 javelins (quivered)
Armour
 b - a +0 shield (worn)
 g - a +2 pair of gloves (worn)
 U - the +4 scale mail "Sonwefal" (worn) {MR++}
   (You bought it in a shop on level 8 of the Dungeon)

   It affects your resistance to hostile enchantments.
 V - a +0 large shield
Jewellery
 x - an uncursed ring of resist corrosion
 B - an uncursed ring of flight
 F - a +4 ring of slaying (right hand)
 Q - a ring of protection from cold (left hand)
Wands
 c - a wand of paralysis (11/24)
 j - a wand of polymorph (4/24)
 u - a wand of disintegration (12/24)
 N - a wand of lightning (0/15)
 O - a wand of iceblast (2/15)
Scrolls
 i - 5 scrolls of fear
 k - 2 scrolls of enchant armour
 m - 3 scrolls of remove curse
 s - 3 scrolls of magic mapping
 w - 2 scrolls of recharging
 S - a scroll of amnesia
Potions
 d - 2 potions of might
 o - 2 potions of invisibility
 r - a potion of magic
 t - 14 potions of degeneration
 z - 4 potions of lignification
 A - 4 potions of curing
 D - a potion of haste
 W - 3 potions of flight
Books
 H - a book of Callings

   Spells                             Type                      Level
   a - Summon Small Mammal            Summoning                    1
   b - Call Imp                       Summoning                    2
   c - Call Canine Familiar           Summoning                    3
   d - Summon Guardian Golem          Hexes/Summoning              3
   e - Summon Lightning Spire         Summoning/Air                4
   f - Summon Ice Beast               Ice/Summoning                4
 I - a book of Conjurations

   Spells                             Type                      Level
   a - Magic Dart                     Conjuration                  1
   b - Searing Ray                    Conjuration                  2
   c - Dazzling Spray                 Conjuration/Hexes            3
   d - Fulminant Prism                Conjuration/Hexes            4
   e - Iskenderun's Mystic Blast      Conjuration                  4
   f - Iskenderun's Battlesphere      Conjuration/Charms           5
 K - a book of Flames

   Spells                             Type                      Level
   a - Flame Tongue                   Conjuration/Fire             1
   b - Throw Flame                    Conjuration/Fire             2
   c - Conjure Flame                  Conjuration/Fire             3
   d - Inner Flame                    Hexes/Fire                   3
   e - Sticky Flame                   Conjuration/Fire             4
   f - Fireball                       Conjuration/Fire             5
 P - a book of Minor Magic

   Spells                             Type                      Level
   a - Magic Dart                     Conjuration                  1
   b - Blink                          Translocation                2
   c - Call Imp                       Summoning                    2
   d - Repel Missiles                 Charms/Air                   2
   e - Slow                           Hexes                        2
   f - Conjure Flame                  Conjuration/Fire             3
   g - Mephitic Cloud                 Conjuration/Poison/Air       3
 X - a book of Party Tricks

   Spells                             Type                      Level
   a - Summon Butterflies             Summoning                    1
   b - Apportation                    Translocation                1
   c - Lesser Beckoning               Translocation                3
   d - Tukima's Dance                 Hexes                        3
   e - Alistair's Intoxication        Transmutation/Poison         5
   f - Invisibility                   Hexes                        6
Comestibles
 f - 4 bread rations
 l - 10 beef jerkies
 n - 7 slices of pizza
 p - 5 meat rations
 C - 10 fruits


   Skills:
 - Level 3.6(3.4) Fighting
 + Level 13.9(13.7) Axes
 + Level 6.5(6.4) Armour
 - Level 1.6(1.5) Stealth
 + Level 12.1(11.9) Shields
 - Level 12.0(11.8) Invocations


You had 9 spell levels left.
You knew the following spells:

 Your Spells              Type           Power        Failure   Level  Hunger
a - Repel Missiles        Chrm/Air       #.....       99%         2    ###....


Dungeon Overview and Level Annotations

Branches:
Dungeon (11/15)            Temple (0/1) D:6            Lair (0/6) D:10
    Orc (0/2) D:10

Altars:
Cheibriados
Elyvilon
Fedhas
Gozag
Hepliaklqana
Nemelex Xobeh
Uskayaw
Zin

Shops:
D:8 [


Message History

The kobold demonologist looks satisfied for a moment.
Shatu-murrim hits the quasit with a dagger of draining!
The quasit dies!
You block the wight's attack.
You hit the wight.
The kobold demonologist looks braver for a moment.
Shatu-murrim hits the soul eater but does no damage.
Unknown command.
You barely miss the wight. You closely miss the soul eater.
The kobold demonologist looks encouraged for a moment.
The soul eater draws from the surrounding life force!
* * * LOW HITPOINT WARNING * * *
The wight hits you with an enchanted great sword!
* * * LOW HITPOINT WARNING * * *
Shatu-murrim hits the soul eater but does no damage.
You feel yourself speed up.
The kobold demonologist mumbles some strange words.
The soul eater misses you.
The wight hits you with an enchanted great sword!
You die...

.... .....##....... .... #..
#....... ###.###.# #.......
... ....##..>.##.#####..=....
.. .................^#......
#.# .............?....##.....
#.. .!......#).......#######
#..# .....##....###....#
##... #.5z@..........#
##...)########.3...#.##....#
.....54ยง)4.K4...R..........#
.....5#########....#..#....#
#####. #.....##)#....# #.
#......##%.....# .. #.#....#
.....# .. ..#....# .# ###
.###%..$#


You could see the friendly Shatu-murrim the hexer, a soul eater, an orange
demon, a kobold demonologist, a wight and a quasit.

Vanquished Creatures
  Josephine (D:10)
  An unseen horror (D:11)
  Pikel (D:6)
  2 hill giants
  Psyche (D:8)
  A gargoyle (D:10)
  A jumping spider (shapeshifter) (D:11)
  2 two-headed ogres
  A troll (D:10)
  5 yaks (D:9)
  3 wraiths (D:10)
  2 wyverns
  Grum (D:10)
  A warg (D:10)
  A water moccasin (D:8)
  A swamp drake (D:10)
  A slave (D:6)
  2 sky beasts
  An eye of draining (D:9)
  4 orc warriors
  2 ice beasts
  A black bear (D:6)
  3 phantoms
  3 ogres
  3 wolves (D:10)
  9 centaurs
  3 big kobolds
  A bullfrog (D:8)
  A gnoll sergeant (D:8)
  An elf zombie (Ossuary)
  5 scorpions
  A water moccasin skeleton (D:10)
  10 killer bees
  6 wights (D:11)
  3 howler monkeys
  2 crimson imps
  A quasit (D:9)
  A centaur zombie (Ossuary)
  5 jellies
  10 orc priests
  7 hounds
  8 orc wizards
  5 worker ants
  2 hound skeletons (D:4)
  2 mummies (Ossuary)
  A howler monkey skeleton (D:6)
  14 adders
  6 gnolls
  A shadow imp (D:5)
  An ooze (D:2)
  2 adder zombies (Ossuary)
  An adder skeleton (D:5)
  2 worms
  2 dart slugs
  3 leopard geckos (D:5)
  30 orcs
  2 ball pythons
  4 giant cockroaches
  6 goblins
  10 hobgoblins
  5 jackals
  2 quokkas
  6 bats
  5 frilled lizards
  4 goblin zombies (Ossuary)
  11 hobgoblin zombies (Ossuary)
  A jackal skeleton (D:8)
  A jackal zombie (D:6)
  17 kobolds
  7 kobold zombies (Ossuary)
  4 orc zombies (Ossuary)
  10 rats
  2 rat zombies
  A plant (D:5)
289 creatures vanquished.

Vanquished Creatures (collateral kills)
  A hippogriff (D:8)
  Sigmund (D:6)
  A wyvern (D:10)
  An ice beast (D:7)
  A black bear (D:10)
  A necrophage (D:10)
  An ogre (D:10)
  A wolf (D:10)
  A crocodile (D:9)
  A big kobold (D:8)
  A bullfrog (D:11)
  A scorpion (D:7)
  A water moccasin skeleton (D:7)
  A killer bee (D:9)
  A howler monkey (D:11)
  2 centaur zombies (Ossuary)
  A quasit (D:11)
  A jelly (D:10)
  2 orc wizards
  An orc priest (D:3)
  2 worker ants
  An iguana (D:7)
  2 gnolls
  5 adders
  An adder skeleton (D:4)
  2 worms (D:3)
  2 leopard geckos
  3 orcs
  A bat (D:2)
  A goblin (D:2)
  A frilled lizard (D:2)
  A hobgoblin zombie (Ossuary)
  7 kobolds
  2 kobold zombies (Ossuary)
  An orc zombie (Ossuary)
54 creatures vanquished.

Vanquished Creatures (others)
  A slave (D:6)
  An orc wizard (D:3)
  10 hexers
  An ancestor (D:4)
  A quokka zombie (D:6)
  A plant (D:10)
15 creatures vanquished.

Grand Total: 358 creatures vanquished

Notes
Turn   | Place    | Note
-------+----------+-------------------------------------------
     0 | D:1      | BoredOne the Hill Orc Fighter began the quest for the Orb.
     0 | D:1      | Reached XP level 1. HP: 19/19 MP: 1/1
   174 | D:1      | Reached skill level 3 in Axes
   189 | D:1      | Reached XP level 2. HP: 26/26 MP: 2/2
   216 | D:1      | Reached skill level 1 in Stealth
   877 | D:1      | Reached XP level 3. HP: 27/31 MP: 3/3
  1599 | D:2      | Found a hazy altar of Hepliaklqana.
  1604 | D:2      | Reached skill level 4 in Axes
  1604 | D:2      | Reached XP level 4. HP: 34/39 MP: 4/4
  1615 | D:2      | Became a worshipper of Hepliaklqana the Forgotten
  1868 | D:2      | Reached skill level 1 in Invocations
  2183 | D:2      | Reached XP level 5. HP: 40/40 MP: 6/6
  2407 | D:3      | Reached skill level 5 in Axes
  3091 | D:4      | Reached * piety under Hepliaklqana
  3103 | D:4      | Reached XP level 6. HP: 39/45 MP: 8/8
  3214 | D:4      | Noticed a phantom
  3237 | D:4      | Killed a phantom
  3237 | D:4      | Reached skill level 5 in Shields
  3505 | D:4      | Reached skill level 6 in Axes
  3506 | D:4      | Reached XP level 7. HP: 51/51 MP: 9/9
  4395 | D:5      | Entered Level 5 of the Dungeon
  4756 | D:5      | Reached skill level 5 in Invocations
  4811 | D:5      | Reached ** piety under Hepliaklqana
  4929 | D:5      | Reached skill level 7 in Axes
  4997 | D:5      | Reached XP level 8. HP: 56/57 MP: 12/12
  5233 | D:6      | Found a sand-covered staircase.
  5246 | D:6      | Remembered your ancestor Shatu-murrim as a hexer
  5248 | Ossuary  | Entered an ossuary
  5430 | Ossuary  | Reached skill level 8 in Axes
  5785 | D:6      | Noticed Sigmund
  5795 | D:6      | Killed Sigmund
  5853 | D:6      | Found a staircase to the Ecumenical Temple.
  5988 | D:6      | Noticed Pikel
  6029 | D:6      | Killed Pikel
  6029 | D:6      | Reached skill level 9 in Axes
  6029 | D:6      | Reached XP level 9. HP: 35/63 MP: 13/15
  6208 | D:6      | Found a snail-covered altar of Cheibriados.
  6970 | D:7      | Noticed a two-headed ogre
  6994 | D:7      | Killed a two-headed ogre
  7000 | D:7      | Reached skill level 10 in Axes
  7563 | D:7      | Reached *** piety under Hepliaklqana
  7617 | D:7      | Reached XP level 10. HP: 31/69 MP: 17/17
  7872 | D:7      | Learned a level 2 spell: Repel Missiles
  8161 | D:7      | Reached skill level 10 in Invocations
  8236 | D:8      | Noticed a hill giant
  8239 | D:8      | Noticed Psyche
  8247 | D:8      | Killed a hill giant
  8247 | D:8      | Reached skill level 11 in Axes
  8255 | D:8      | Killed Psyche
  8492 | D:8      | Found a blossoming altar of Fedhas.
  8529 | D:8      | Found a white marble altar of Elyvilon.
  8530 | D:8      | Found an opulent altar of Gozag.
  8530 | D:8      | Found a glowing silver altar of Zin.
  8542 | D:8      | Noticed a hand axe
  8543 | D:8      | Found a hide-covered altar of Uskayaw.
  8543 | D:8      | Noticed a dagger
  8611 | D:8      | Found Bireiguo's Armour Shop.
  8616 | D:8      | Bought the +4 scale mail "Sonwefal" {MR++} for 433 gold pieces
  8711 | D:8      | Reached skill level 10 in Shields
  8883 | D:8      | Found a sparkling altar of Nemelex Xobeh.
  8883 | D:8      | Found a faded altar of an unknown god.
  8895 | D:8      | Found a faded altar of an unknown god.
  8898 | D:8      | Found a faded altar of an unknown god.
  8900 | D:8      | Found a faded altar of an unknown god.
  9429 | D:9      | Reached skill level 12 in Axes
  9570 | D:9      | Reached XP level 11. HP: 36/73 MP: 19/19
 10087 | D:10     | Entered Level 10 of the Dungeon
 10184 | D:10     | Reached **** piety under Hepliaklqana
 10233 | D:10     | Noticed Josephine
 10632 | D:10     | Noticed Grum
 11129 | D:10     | Killed Josephine
 11129 | D:10     | Reached skill level 13 in Axes
 11365 | D:10     | Killed Grum
 11494 | D:10     | Found a staircase to the Lair.
 11575 | D:10     | Reached skill level 5 in Armour
 11844 | D:10     | Found a staircase to the Orcish Mines.
 12810 | D:11     | Noticed a hill giant
 12819 | D:11     | Killed a hill giant
 12865 | D:11     | Killed an unseen horror
 12939 | D:11     | Reached XP level 12. HP: 36/81 MP: 21/21
 12956 | D:11     | Noticed a soul eater
 12963 | D:11     | Slain by a wight

Skill      XL: |  1  2  3  4  5  6  7  8  9 10 11 |
---------------+----------------------------------+-----
Axes           | 3 4 5 6 7 9 10 12 13 | 13.9
Stealth        | 1 |  1.6
Shields        | 4 5 6 8 9 10 12 | 12.1
Invocations    | 1 2 3 5 8 9 11 12 | 12.0
Armour         | 6 |  6.5
Fighting       | |  3.6

Action                   |  1- 3 |  4- 6 |  7- 9 | 10-12 || total
-------------------------+-------+-------+-------+-------++-------
Melee: War axe           |   137 |   108 |   395 |   273 ||   913
       Broad axe         |       |       |       |   145 ||   145
Throw: Javelin           |       |     1 |     2 |     5 ||     8
       Tomahawk          |       |       |       |     1 ||     1
Invok: Recall Ancestor   |       |       |     2 |     1 ||     3
       Ancestor Life: He |       |       |     1 |       ||     1
       Transference      |       |       |       |     1 ||     1
       Idealise          |       |       |       |     2 ||     2
Evoke: Wand              |       |       |     8 |     6 ||    14
  Use: Scroll            |       |       |    18 |    13 ||    31
       Potion            |       |       |     6 |     5 ||    11
 Stab: Distracted        |       |       |     4 |     8 ||    12
       Invisible         |       |       |     2 |       ||     2
       Confused          |       |       |       |     2 ||     2
  Eat: Chunk             |     2 |     3 |     8 |    11 ||    24
       Bread ration      |       |     1 |     1 |     1 ||     3
       Fruit             |       |       |       |     2 ||     2
       Beef jerky        |       |       |       |     1 ||     1
Armor: Scale mail        |    79 |    50 |    86 |   116 ||   331
       Chain mail        |       |       |    68 |    14 ||    82
Dodge: Dodged            |    41 |    34 |    92 |    72 ||   239
Block: Shield            |    69 |    57 |   201 |    69 ||   396
       Large shield      |       |       |       |   250 ||   250
